 Dungeon Crawl Stone Soup version 0.17-a0-1625-g47e540b (webtiles) character file.

165 mrath the Chucker (level 5, -5/50 HPs)
             Began as a Troll Hunter on Aug 2, 2015.
             Slain by Sigmund
             ... wielding a +0 scythe
              (12 damage)
             ... on level 3 of the Dungeon.
             The game lasted 00:26:33 (2990 turns).

mrath the Chucker (Troll Hunter)                    Turns: 2990, Time: 00:26:34

Health: -5/50      AC:  6    Str: 21    XL:     5   Next: 22%
Magic:  4/4        EV: 10    Int:  7    God:
Gold:   111        SH:  0    Dex: 10    Spells: 0 memorised, 4 levels left

rFire  . . .     SeeInvis .     x - +0 blowgun (curse)
rCold  . . .     Clarity  .     i - +0 robe (curse)
rNeg   . . .     SustAt   .     (no shield)
rPois  .         Gourm    +     (helmet restricted)
rElec  .         Spirit   .     q - +0 cloak
rCorr  .         Warding  .     (gloves unavailable)
rMut   .         Stasis   .     (boots unavailable)
MR     .....                    (no amulet)
Stlth  +.........               (no ring)
                                (no ring)

@: confused, not resistant to hostile enchantments, very unstealthy
A: unfitting armour, claws 3, fast metabolism 3, gourmand, regeneration 2,
shaggy fur 1, tough skin 2
a: no special abilities


You were on level 3 of the Dungeon.
You were very full.

You visited 1 branch of the dungeon, and saw 3 of its levels.

You collected 111 gold pieces.

Inventory:

Hand weapons
 c - a +0 short sword
 h - a +0 whip
 k - a +0 trident
 s - a +0 mace
 x - a cursed +0 blowgun (weapon)
 z - a +0 hunting sling
Missiles
 b - a throwing net (quivered)
 g - 146 stones
 l - 20 sling bullets
Armour
 d - a +0 robe
 i - a cursed +0 robe (worn)
 q - a +0 cloak (worn)
Scrolls
 m - a scroll of remove curse {unknown}
 r - a scroll of identify
 u - 2 scrolls of teleportation
Potions
 f - a potion of degeneration {unknown}
 j - a potion of agility
 n - a potion of flight {unknown}
 p - a potion of curing {unknown}
 v - a potion of mutation {unknown}
Comestibles
 e - 6 bread rations
 o - a fruit
 t - a meat ration
 w - 3 chunks of flesh


   Skills:
 + Level 2.7 Fighting
 + Level 4.2 Throwing
 + Level 2.7 Dodging
 + Level 1.0 Stealth
 + Level 1.3 Unarmed Combat


You had 4 spell levels left.
You didn't know any spells.

Dungeon Overview and Level Annotations

Branches:
Dungeon (3/15)

Altars:
Nemelex Xobeh
Yredelemnul
The Shining One

Annotations:
D:3 Grinder, Sigmund


Innate Abilities, Weirdness & Mutations

You are too large for most types of armour.
You have claws for hands.
Your metabolism is lightning-fast.
You like to eat raw meat.
You heal very quickly.
You are covered in fur (AC +1).
You have very tough skin (AC +2).


Message History

A puff of flame appears from out of thin air!
The puff of flame misses you.
A puff of flame appears from out of thin air!
The puff of flame misses you.
Something tries to affect you, but you resist.
A worm comes into view.
The worm bites you.
You barely miss the worm. The worm misses you.
You clumsily bash the worm but do no damage.
The worm barely misses you.
You barely miss the worm. The worm bites you!
You barely miss the worm. Something hits you!
* * * LOW HITPOINT WARNING * * *
The worm bites you!
* * * LOW HITPOINT WARNING * * *
You clumsily bash the worm but do no damage.
You hear some strange, mumbled words.
You are confused.
You bump into the rock wall.
Something hits you!
You die...

# #........#.# # #..<.....#.#
#######........#.#
......#.)......#.#
......#........#.#
......###'######.#############
......# #.# #.#..........<#
......# #.# #.##.##########
......###.# #@w..# ####...##.#
###### ####...##.# ..##...##.#
.<##......#### ..##......'..#
..##......##.# ..##......##.#
..##......##.#


You could see a worm.

Vanquished Creatures
  Natasha (thrice) (D:3)
  3 adders
  2 oozes
  3 worms (D:2)
  3 giant geckos (D:3)
  2 orcs (D:3)
  4 giant cockroaches
  2 gnoll zombies (D:2)
  7 goblins
  10 hobgoblins
  12 jackals
  7 kobolds
  A ball python (D:1)
  11 bats
  2 giant newts (D:2)
  9 rats
81 creatures vanquished.

Vanquished Creatures (others)
  A worm (D:3)
  A rat (D:3)
2 creatures vanquished.

Grand Total: 83 creatures vanquished

Notes
Turn   | Place    | Note
--------------------------------------------------------------
     0 | D:1      | mrath the Troll Hunter began the quest for the Orb.
     0 | D:1      | Reached XP level 1. HP: 19/19 MP: 0/0
   186 | D:1      | Reached XP level 2. HP: 28/28 MP: 1/1
   642 | D:1      | Reached XP level 3. HP: 35/35 MP: 2/2
  1188 | D:2      | Reached skill level 4 in Throwing
  1286 | D:2      | Reached XP level 4. HP: 28/44 MP: 3/3
  1504 | D:2      | Found a glowing golden altar of the Shining One.
  1695 | D:2      | Found a basalt altar of Yredelemnul.
  1929 | D:3      | Noticed Sigmund
  2392 | D:3      | Noticed Natasha
  2408 | D:3      | Killed Natasha
  2408 | D:3      | Reached skill level 1 in Unarmed Combat
  2408 | D:3      | Reached XP level 5. HP: 50/50 MP: 4/4
  2409 | D:3      | Noticed Natasha
  2434 | D:3      | Killed Natasha
  2559 | D:3      | Noticed Natasha
  2572 | D:3      | Killed Natasha
  2686 | D:3      | Reached skill level 1 in Stealth
  2701 | D:3      | Found a sparkling altar of Nemelex Xobeh.
  2706 | D:3      | Noticed Grinder
  2990 | D:3      | Slain by Sigmund

Vault maps used:
D:1:      tarquinn_simple_flora_water_b, minmay_misc_feat_doors,
          hangedman_decor_diamond_cutter, kennysheep_doodads
D:2:      tso_metal_star, lemuel_zombie_altar_yredelemnul, st_stairs_4,
          minmay_strange_pillars, grunt_decor_fettered, minmay_tree_intersection
D:3:      nicolae_overflow_hidden_temple, first_bread, grunt_qazlal_clouds,
          uniq_natasha, uniq_grinder, uniq_sigmund

Action                   |  1- 3 |  4- 6 || total
-------------------------+-------+-------++-------
Melee: Short sword       |    32 |       ||    32
       Unarmed           |   109 |    59 ||   168
       Blowgun           |       |    22 ||    22
 Fire: Blowgun           |       |    74 ||    74
Throw: Large rock        |     2 |     7 ||     9
       Throwing net      |       |     1 ||     1
  Use: Scroll            |       |     6 ||     6
 Stab: Sleeping          |       |     1 ||     1
  Eat: Chunk             |     9 |    22 ||    31
